 Dungeon Crawl Stone Soup version 0.32-a0-411-g744942f433 (webtiles) character file.

Game seed: 7340596960998904341

704 Aldia the Slasher (level 7, 0/54 HPs)
             Began as a Coglin Warper on Feb 20, 2024.
             Slain by an ogre
             ... wielding a +0 giant club
              (24 damage)
             ... on level 5 of the Dungeon.
             The game lasted 00:09:11 (4094 turns).

Aldia the Slasher (Coglin Warper)                   Turns: 4094, Time: 00:09:12

Health: 0/54       AC:  6    Str: 11    XL:     7   Next: 67%
Magic:  10/10      EV:  9    Int: 12    God:
Gold:   101        SH:  0    Dex: 16    Spells: 8/10 levels left

rFire   + . .        y - +1 dagger (holy) {Ikko}
rCold   . . .        s - +1 short sword (venom) {Frauke}
rNeg    . . .        j - +0 scale mail
rPois   .            (no helmet)
rElec   .            (no cloak)
rCorr   .            (no gloves)
SInv    .            (no boots)
Will    .....        (no amulet) Stlth
                     w - ring of protection from fire
HPRegen 0.29/turn    (no ring)
MPRegen 0.12/turn

%: no passive effects
@: immotile, revved
A: off-hand wielding, slow wielding, warmup strikes, legs shutdown
a: no special abilities


You were on level 5 of the Dungeon.
You visited 1 branch of the dungeon, and saw 6 of its levels.
You also visited: Sewer.

You collected 135 gold pieces.
You spent 34 gold pieces at shops.

Inventory:

Hand Weapons
 a - a +0 falchion {Sinnashi}
 h - a +0 dagger {Byeongho}
 l - a +0 falchion {Zihan}
 s - a +1 short sword of venom (offhand) {Frauke}
 y - a +1 dagger of holy wrath (weapon) {Ikko}
Missiles
 d - 7 darts of dispersal (quivered)
 f - 5 curare-tipped darts
 E - 2 poisoned darts
Armour
 b - a +0 leather armour
 j - a +0 scale mail (worn)
Jewellery
 w - a ring of protection from fire (left grasper)
Wands
 u - a wand of mindburst (23)
Scrolls
 c - 2 scrolls of blinking
 g - a scroll of poison {unknown}
 i - a scroll of summoning {unknown}
 n - a scroll of fog {unknown}
 p - a scroll of fear {unknown}
 q - 2 scrolls of teleportation {unknown}
 t - a scroll of immolation {unknown}
 v - a scroll of brand weapon {unknown}
 D - a scroll of enchant weapon {unknown}
 H - a scroll of vulnerability {unknown}
Potions
 e - 7 potions of curing
 k - a potion of invisibility {unknown}
 m - a potion of mutation {unknown}
 o - a potion of brilliance {unknown}
 r - 2 potions of ambrosia
 x - 2 potions of lignification
 z - 2 potions of degeneration {unknown}
 A - a potion of haste {unknown}
 B - 2 potions of enlightenment {unknown}
 C - 3 potions of heal wounds
 F - a potion of might {unknown}
 G - a potion of attraction {unknown}


   Skills:
 + Level 4.2 Fighting
 * Level 2.6(3.9) Short Blades
 - Level 4.8(5.2) Long Blades
 - Level 0.8 Throwing
 - Level 2.0 Armour
 + Level 2.3 Dodging
 - Level 2.0 Spellcasting
 + Level 4.6 Translocations


You had 8 spell levels left.
You knew the following spells:

 Your Spells              Type           Power      Damage    Failure   Level
a - Blink                 Tloc           24%        N/A       34%         2

Your spell library contained the following spells:

 Spells                   Type           Power      Damage    Failure   Level
 Lesser Beckoning         Tloc           24%        N/A       34%         2
 Teleport Other           Tloc           12%        N/A       56%         3
 Manifold Assault         Tloc           12%        N/A       93%         4
 Frozen Ramparts          Ice            2%         1d1       99%         3
 Vhi's Electric Charge    Tloc/Air       12%        N/A       99%         4
 Leda's Liquefaction      Alch/Erth      0%         N/A       100%        4
 Petrify                  Alch/Erth      1%         N/A       100%        4
 Metabolic Englaciation   Hex/Ice        0%         N/A       100%        5


Dungeon Overview and Level Annotations

Branches:
Dungeon (6/15)              Sewer (visited)
 Temple: D:4-7

Altars:

Shops:
D:2 *

Annotations:
D:6 Sigmund


Innate Abilities, Weirdness & Mutations

You can wield a second weapon in your off-hand.
It takes a long time for you to wield or remove held weapons.
Your first few attacks do less damage.
Attacking and casting redirects power from your legs.


Message History

The orc warrior is severely wounded.
You hit the orc warrior with your +1 short sword of venom.
The orc warrior looks as sick as possible!
The orc warrior hits you with a +0 scimitar!
* * * LOW HITPOINT WARNING * * *
You hit the orc warrior but do no damage.
The orc warrior looks as sick as possible!
The orc warrior is severely wounded.
You barely miss the orc warrior with your +1 dagger of holy wrath.
The orc warrior hits you with a +0 scimitar.
* * * LOW HITPOINT WARNING * * *
You feel much better.
You are no longer unable to travel.
The orc warrior hits you but does no damage.
You hit the orc warrior with your +1 dagger of holy wrath.
You kill the orc warrior!
You cannot move.
Unknown command.
You are no longer unable to travel.
You barely miss the orc with your +1 dagger of holy wrath.
You closely miss the orc with your +1 short sword of venom.
The orc hits you with a +0 club.
You barely miss the orc with your +1 dagger of holy wrath.
You barely miss the orc with your +1 short sword of venom.
The orc misses you.
You hit the orc with your +1 dagger of holy wrath.
The orc is lightly wounded.
You hit the orc with your +1 short sword of venom.
The orc is poisoned.
The orc hits you with a +0 club.
You hit the orc with your +1 short sword of venom.
You kill the orc!
You hit the ogre with your +1 dagger of holy wrath.
The ogre is lightly wounded.
You hit the ogre with your +1 short sword of venom.
The ogre is poisoned.
You hit the ogre with your +1 dagger of holy wrath.
The ogre is moderately wounded.
You hit the ogre but do no damage.
The ogre hits you with a +0 giant club!!
You die...

..# *********,*
..# *,,,,,,,,,*
### *,*********
*,* *,* *,* *,*
####
*,#############
...#
*,......O@....#
...#
**##########.##
...# #.....#
...#### #.#####
...'..# #######.#
...##.# #.......#
...##.###.#######
...##.....#
##.########


You could see an ogre (very poisoned).

Vanquished Creatures
  An orc warrior (D:5)
  A phantom (D:4)
  A bombardier beetle (D:3)
  A jelly (D:5)
  2 orc priests (D:5)
  2 orc wizards (D:5)
  17 adders
  2 river rats (Sewer)
  3 dart slugs
  4 ribbon worms
  16 orcs
  12 ball pythons
  7 endoplasms
  3 giant cockroaches
  3 goblins
  6 hobgoblins
  2 jackals (D:3)
  4 quokkas
  3 bats
  6 frilled lizards
  12 kobolds
  7 rats
115 creatures vanquished.

Notes
Turn   | Place    | Note
-------+----------+-------------------------------------------
     0 | D:1      | Aldia the Coglin Warper began the quest for the Orb.
     0 | D:1      | Reached XP level 1. HP: 16/16 MP: 3/3
    61 | D:1      | Reached skill level 1 in Armour
   115 | D:1      | Reached XP level 2. HP: 12/22 MP: 4/4
   168 | D:1      | Learned a level 2 spell: Blink
   274 | D:1      | Reached XP level 3. HP: 28/28 MP: 5/5
   579 | D:2      | Found Foloih's Assorted Antiques.
   587 | D:2      | Bought a silvery potion for 16 gold pieces
   587 | D:2      | Bought a scroll labelled CICWIC ERAONU for 18 gold pieces
   663 | D:2      | Reached XP level 4. HP: 31/34 MP: 7/7
  1450 | D:3      | Reached XP level 5. HP: 38/40 MP: 8/8
  1738 | D:3      | Found a glowing drain.
  1742 | Sewer    | Entered a sewer
  1857 | Sewer    | Reached XP level 6. HP: 38/47 MP: 9/9
  2430 | D:3      | Noticed a black bear
  2731 | D:5      | Entered Level 5 of the Dungeon
  2998 | D:4      | Reached skill level 1 in Short Blades
  3317 | D:4      | Reached XP level 7. HP: 39/53 MP: 10/10
  3719 | D:6      | Noticed Sigmund
  4094 | D:5      | Slain by an ogre

Illustrated notes

Levels and vault maps discovered:
D:1:      minmay_arrival_cross, layout_basic, chequers_serial_rivers_large_a
D:2:      layout_loops_cross, serial_shops, shop, minivault_26
D:3:      layout_basic, mainiacjoe_sewer_entry_somewhere_in_here_2,
          lightli_corner_chamber
D:4:      layout_gridville
D:5:      layout_basic
D:6:      layout_cave_pods, minmay_statues_item, uniq_crazy_yiuf_cottage,
          uniq_sigmund, uniq_pikel, uniq_prince_ribbit1

Skill      XL: |  1  2  3  4  5  6  7 |
---------------+----------------------+-----
Armour         | 1 2 |  2.0
Dodging        | 2 |  2.3
Spellcasting   | 2 |  2.0
Long Blades    | 3 4 |  4.8
Fighting       | 3 4 |  4.2
Short Blades   | 1 2 |  2.6
Translocations | 4 |  4.6
Throwing       | |  0.8

Action                     |  1- 3 |  4- 6 |  7- 9 || total
---------------------------+-------+-------+-------++-------
  Melee: Falchion          |    77 |   214 |    29 ||   320
         Dagger            |     6 |       |    20 ||    26
         Short sword       |       |   131 |    49 ||   180
    Use: Scroll            |       |     3 |     1 ||     4
         Potion            |       |     2 |     1 ||     3
 Armour: Leather armour    |    18 |       |       ||    18
         Scale mail        |    11 |   143 |    49 ||   203
  Dodge: Dodged            |    41 |    66 |    17 ||   124

Table legend: (Time is in decaauts)
 A = Elapsed time spent in this place.
 B = Non-inter-level travel time spent in this place.
 C = Inter-level travel time spent in this place.
 D = Time resting spent in this place.
 E = Time spent auto-exploring this place.
 F = Levels seen in this place.
 G = Mean time per level.
                   A        B        C        D        E       F      G
               +--------+--------+--------+--------+--------+-----+--------+
         Total |   4176 |   3875 |    301 |    110 |   2859 |   7 |  596.6 |
       Dungeon |   3641 |   3340 |    301 |     53 |   2564 |   6 |  606.8 |
         Sewer |    535 |    535 |      0 |     57 |    295 |   1 |  535.0 |
               +--------+--------+--------+--------+--------+-----+--------+

Top non-repeatable levels by time:
     D:3: 884 daAuts
     D:2: 792 daAuts
     D:5: 687 daAuts
     D:4: 686 daAuts
     D:1: 586 daAuts
   Sewer: 535 daAuts
     D:6: 3 daAuts
